 Dungeon Crawl Stone Soup version 0.28-a0-563-gf77a47075d (webtiles) character file.

Game seed: 395518501869285378

2 jasper the Grave Robber (level 1, -2/13 HPs)
             Began as a Vampire Necromancer on Sept 30, 2021.
             Slain by a goblin (3 damage)
             ... on level 1 of the Dungeon.
             The game lasted 00:00:33 (161 turns).

jasper the Grave Robber (Vampire Necromancer)        Turns: 161, Time: 00:00:33

Health: -2/13      AC:  2    Str:  7    XL:     1   Next: 33%
Magic:  3/3        EV: 12    Int: 17    God:
Gold:   0          SH:  0    Dex: 14    Spells: 3/4 levels left

rFire   . . .      SeeInvis +   c - +0 hand axe
rCold   . . .      Faith    .   (no shield)
rNeg    + . .      Spirit   .   a - +0 robe
rPois   .          Reflect  .   (no helmet)
rElec   .          Harm     .   (no cloak)
rCorr   .          Rampage  .   (no gloves)
Will    .....                   (no boots)
Stlth   ++........              (no amulet)
HPRegen 0.24/turn               b - ring of positive energy
MPRegen 0.08/turn               (no ring)

@: lethally poisoned (-2 -> -9), healing quickly
A: alive, fangs 3, see invisible, vampiric 1
a: Exsanguinate


You were on level 1 of the Dungeon.
You visited 1 branch of the dungeon, and saw 1 of its levels.

Inventory:

Hand Weapons
 c - a +0 hand axe (weapon)
Armour
 a - a +0 robe (worn)
Jewellery
 b - a ring of positive energy (left hand)
Scrolls
 d - a scroll of vulnerability {unknown}
 e - a scroll of fog {unknown}
 f - a scroll of identify {unknown}


   Skills:
 + Level 0.1 Fighting
 * Level 0.3 Long Blades
 + Level 2.2 Dodging
 - Level 3.0 Stealth
 - Level 2.0 Spellcasting
 + Level 4.4 Necromancy


You had 3 spell levels left.
You knew the following spells:

 Your Spells              Type           Power      Damage    Failure   Level
a - Pain                  Necr           64%        1d7       3%          1

Your spell library contained the following spells:

 Spells                   Type           Power      Damage    Failure   Level
 Animate Skeleton         Necr           32%        N/A       3%          1
 Vampiric Draining        Necr           8%         2d7       10%         3
 Animate Dead             Necr           8%         N/A       30%         4
 Agony                    Necr           16%        N/A       65%         5


Dungeon Overview and Level Annotations

Branches:
Dungeon (1/15)

Altars:


Innate Abilities, Weirdness & Mutations

Your natural rate of healing is accelerated.
You have razor-sharp teeth.
You have supernaturally acute eyesight. (SInv)
You are afflicted with vampirism.


Message History

d - a scroll labelled WAFORUNEY
c - a +0 hand axe (weapon)
Found a stone staircase leading down.
e - a scroll labelled UVVYRU IHYRO
f - a scroll labelled WITINEDEIW A ball python comes into view.
A ball python is nearby!
A ball python is nearby!
A kobold comes into view. It is wielding a +0 club.
Found 8 stones.
The ball python misses you. The ball python grabs you.
The ball python constricts you.
You hit the ball python.
You kill the ball python!
The kobold shouts!
A goblin comes into view. It is wielding a +2 dagger of venom.
The goblin shouts!
The kobold hits you with a +0 club.
You take 1 damage, and have 12/13 hp.
You barely miss the kobold. The kobold hits you with a +0 club.
You take 2 damage, and have 10/13 hp.
You hit the kobold.
You kill the kobold!
You see here a +0 club.
You miss the goblin.
The goblin hits you with a +2 dagger of venom.
You are lethally poisoned!
You take 4 damage, and have 7/13 hp.
MASSIVE DAMAGE!!
You barely miss the goblin.
* * * LOW HITPOINT WARNING * * *
You feel very sick. The goblin barely misses you.
You take 4 damage, and have 3/13 hp.
MASSIVE DAMAGE!!
You aren't carrying any potions.
Unknown command.
Keep bloodletting?
* * * LOW HITPOINT WARNING * * *
You feel very sick.
The goblin hits you with a +2 dagger of venom.
You die...

#.....P.....P.... #...
#...♣...P.P......
###...##..PP.......♣.♣♣.
..................♣.....
.(...................P#.
....... ###......P..##.
....... ####.........
.......#########........
#g@................
.......#########.#####..
....... #........
....... #######..
....... #.. ....... #..
....... ### ....... # #


You could see a goblin.

Vanquished Creatures
  A ball python (D:1)
  A kobold (D:1)
2 creatures vanquished.

Notes
Turn   | Place    | Note
-------+----------+-------------------------------------------
     0 | D:1      | jasper the Vampire Necromancer began the quest for the Orb.
     0 | D:1      | Reached XP level 1. HP: 13/13 MP: 3/3
   161 | D:1      | Slain by a goblin

Illustrated notes

Levels and vault maps discovered:
D:1:      wander_arrival_fairy_ring, layout_basic

Action                   || total
-------------------------++-------
Melee: Hand axe          ||     5
 Abil: Exsanguinate      ||     1
Dodge: Dodged            ||     2

Table legend: (Time is in decaauts)
 A = Elapsed time spent in this place.
 B = Non-inter-level travel time spent in this place.
 C = Inter-level travel time spent in this place.
 D = Time resting spent in this place.
 E = Time spent auto-exploring this place.
 F = Levels seen in this place.
 G = Mean time per level.
                   A        B        C        D        E       F      G
               +--------+--------+--------+--------+--------+-----+--------+
         Total |    161 |    161 |      0 |      0 |    117 |   1 |  161.0 |
       Dungeon |    161 |    161 |      0 |      0 |    117 |   1 |  161.0 |
               +--------+--------+--------+--------+--------+-----+--------+

Top non-repeatable levels by time:
     D:1: 161 daAuts
